 Seeded DCSS version 0.31-a0-7-g51783674b7 (webtiles) character file.

Game seed: 3407603050769875686 (custom seed)

2335 Pimp the Slasher (level 9, -4/77 HPs)
             Began as a Hill Orc Hunter on May 5, 2023.
             Was a Believer of Qazlal.
             Killed by divine providence
             ... invoked by an orc priest
              (12 damage)
             ... on level 8 of the Dungeon.
             The game lasted 00:10:56 (5662 turns).

Pimp the Slasher (Hill Orc Hunter)                  Turns: 5662, Time: 00:10:58

Health: -4/77      AC:  8    Str: 14    XL:     9   Next: 42%
Magic:  13/13      EV: 11    Int:  9    God:    Qazlal [**....]
Gold:   370        SH:  2    Dex: 18    Spells: 11/14 levels left

rFire   . . .        j - +7 Throatcutter {drain, coup de grace}
rCold   . . .        (no shield)
rNeg    . . .        l - +0 scale mail
rPois   .            e - +1 hat
rElec   .            (no cloak)
rCorr   .            (no gloves)
SInv    .            (no boots)
Will    +....        z - amulet of faith
Stlth   +            n - ring of willpower
HPRegen 0.32/turn    (no ring)
MPRegen 0.13/turn

%: faith
@: hasted, very quick
A: no striking features
a: Renounce Religion, Convert to Beogh, Upheaval


You were on level 8 of the Dungeon.
You worshipped Qazlal.
Qazlal was pleased with you.
You visited 2 branches of the dungeon, and saw 9 of its levels.

You collected 370 gold pieces.

Inventory:

Hand Weapons
 a - a +0 shortbow
 i - a +0 short sword
 j - the +7 Throatcutter (weapon) {drain, coup de grace}
   (You took it off Terence on level 2 of the Dungeon)
Missiles
 k - 2 poisoned darts
Armour
 c - a +0 leather armour
 e - a +1 hat (worn)
 l - a +0 scale mail (worn)
 q - a +0 kite shield
 t - a +0 helmet
 w - a scarf of shadows
Jewellery
 n - a ring of willpower (left hand)
 z - an amulet of faith (around neck)
 B - an amulet of regeneration
Wands
 F - a wand of mindburst (14)
Scrolls
 b - 2 scrolls of immolation
 h - 5 scrolls of identify {unknown}
 p - 2 scrolls of teleportation
 u - 2 scrolls of amnesia {unknown}
 v - 6 scrolls of magic mapping {unknown}
 x - a scroll of fear {unknown}
 y - 2 scrolls of fog {unknown}
 D - a scroll of torment {unknown}
 E - a scroll of enchant armour {unknown}
Potions
 f - 2 potions of might
 m - a potion of berserk rage {unknown}
 o - 2 potions of mutation {unknown}
 r - 2 potions of lignification {unknown}
 s - 2 potions of resistance {unknown}
 A - a potion of attraction {unknown}
 C - a potion of flight {unknown}


   Skills:
 + Level 6.3 Fighting
 * Level 6.7 Long Blades
 - Level 4.0 Ranged Weapons
 + Level 4.5 Armour
 + Level 4.3 Dodging
 - Level 1.8 Stealth
 + Level 3.0 Spellcasting
 + Level 3.5 Ice Magic


You had 11 spell levels left.
You knew the following spells:

 Your Spells              Type           Power      Damage    Failure   Level
a - Frozen Ramparts       Ice            14%        1d3       63%         3

Your spell library contained the following spells:

 Spells                   Type           Power      Damage    Failure   Level
 Freeze                   Ice            28%        1d5       28%         1
 Ozocubu's Armour         Ice            7%         N/A       63%         3
 Sandblast                Erth           2%         2d4       75%         1
 Hailstorm                Conj/Ice       4%         3d4       86%         3
 Passwall                 Tmut/Erth      0%         N/A       87%         2
 Gell's Gravitas          Tloc           1%         N/A       98%         3
 Stone Arrow              Conj/Erth      2%         3d7       98%         3
 Teleport Other           Tloc           1%         N/A       98%         3
 Metabolic Englaciation   Hex/Ice        2%         N/A       100%        5
 Dispersal                Tloc           0%         N/A       100%        6
 Simulacrum               Ice/Necr       2%         N/A       100%        6


Dungeon Overview and Level Annotations

Branches:
Dungeon (8/15)             Temple (1/1) D:5
   Lair: D:8-11

Altars:
Ashenzari
Cheibriados
Elyvilon
Fedhas
Gozag
Hepliaklqana
Kikubaaqudgha
Makhleb
Okawaru
Qazlal
Ru
Sif Muna
Trog
Uskayaw
Vehumet
Wu Jian
Yredelemnul
Zin

Shops:
D:2 (


Message History

* * * LOW HITPOINT WARNING * * *
The manticore is engulfed in blazing flames.
The manticore bites you.
* * * LOW HITPOINT WARNING * * *
The manticore claws you but does no damage. x2
You block the howler monkey's attack.
You slash the manticore!
The manticore is severely wounded.
The manticore is engulfed in blazing flames.
The manticore bites you!
* * * LOW HITPOINT WARNING * * *
The manticore claws you.
* * * LOW HITPOINT WARNING * * *
The manticore closely misses you.
The howler monkey hits you but does no damage.
The manticore is engulfed in blazing flames.
You kill the manticore!
Qazlal accepts your kill.
You can now call upon nature to destroy your foes.
Your Spellcasting skill increases to level 3!
You feel better. The howler monkey closely misses you.
You hit the howler monkey.
The howler monkey is moderately wounded.
You block the howler monkey's attack. The howler monkey hits you.
* * * LOW HITPOINT WARNING * * *
Okay, then.
You feel yourself speed up. The howler monkey misses you.
You completely miss the howler monkey.
The howler monkey is moderately wounded.
The howler monkey hits you.
* * * LOW HITPOINT WARNING * * *
You barely miss the howler monkey.
The howler monkey is moderately wounded.
The orc priest shouts, "Beogh is our master!
Accept the truth or die!"
You slash the howler monkey!
You kill the howler monkey!
Qazlal accepts your kill.
The orc priest mumbles some strange prayers to Beogh against you.
Beogh smites you!
You die...

###############
#<............#
#......o...h..#
#..####☼####..
#..#..@....#
#..#.......#
#..#..!$(..#
#..#..$)$..#
#..#..$$?..#
#..#.......#
#.......#
####.####


You could see an orc priest.

Vanquished Creatures
  A manticore (D:8)
  A basilisk (D:8)
  An ice beast (D:5)
  A black bear (D:6)
  An orc warrior (D:6)
  A sky beast (D:7)
  An ogre (D:6)
  A phantom (D:5)
  2 bullfrogs (D:6)
  4 scorpions
  3 killer bees
  A jelly (D:6)
  A howler monkey (D:8)
  5 hounds
  A gnoll bouda (D:6)
  5 orc priests
  2 iguanas
  Terence (D:2)
  5 orc wizards
  8 gnolls
  5 adders
  2 worms (D:2)
  A dart slug (D:1)
  24 orcs
  3 bats
  8 endoplasms
  3 giant cockroaches
  9 goblins
  7 hobgoblins
  8 kobolds
  4 quokkas
  6 ball pythons
  4 rats (D:2)
130 creatures vanquished.

Vanquished Creatures (others)
  8 plants (D:4)
8 creatures vanquished.

Grand Total: 138 creatures vanquished

Notes
Turn   | Place    | Note
-------+----------+-------------------------------------------
     0 | D:1      | Pimp the Hill Orc Hunter began the quest for the Orb.
     0 | D:1      | Reached XP level 1. HP: 18/18 MP: 1/1
    38 | D:1      | Reached skill level 1 in Stealth
    42 | D:1      | Reached XP level 2. HP: 25/25 MP: 2/2
   340 | D:1      | Found a faded altar of an unknown god.
   551 | D:2      | Reached XP level 3. HP: 30/30 MP: 3/3
  1515 | D:2      | Found Beluzont's Antique Weapon Boutique.
  1561 | D:2      | Noticed Terence
  1565 | D:2      | Killed Terence
  1566 | D:2      | Reached XP level 4. HP: 38/38 MP: 4/4
  2432 | D:4      | Reached skill level 1 in Long Blades
  2432 | D:4      | Reached skill level 1 in Armour
  2432 | D:4      | Reached XP level 5. HP: 45/46 MP: 5/5
  2560 | D:4      | Learned a level 3 spell: Frozen Ramparts
  2864 | D:5      | Entered Level 5 of the Dungeon
  2874 | D:5      | Reached XP level 6. HP: 46/52 MP: 6/6
  2901 | D:5      | Reached skill level 1 in Ice Magic
  3099 | D:5      | Found a staircase to the Ecumenical Temple.
  3111 | D:5      | Reached skill level 1 in Spellcasting
  3111 | D:5      | Reached XP level 7. HP: 55/60 MP: 8/8
  3113 | Temple   | Entered the Ecumenical Temple
  3190 | Temple   | Became a worshipper of Qazlal Stormbringer
  3711 | D:6      | Reached skill level 5 in Fighting
  3711 | D:6      | Reached XP level 8. HP: 68/68 MP: 10/10
  4241 | D:6      | Reached * piety under Qazlal
  4250 | D:6      | Reached skill level 5 in Long Blades
  5149 | D:7      | Reached XP level 9. HP: 41/75 MP: 12/12
  5514 | D:7      | Found an opulent altar of Gozag.
  5645 | D:8      | Noticed a manticore
  5656 | D:8      | HP: 3/75 [manticore (6)]
  5656 | D:8      | Killed a manticore
  5656 | D:8      | Reached ** piety under Qazlal
  5662 | D:8      | Killed from afar by an orc priest

Illustrated notes

Levels and vault maps discovered:
D:1:      dpeg_arrival_simpleton_a, layout_rooms, basic_ecumenical_altar
D:2:      layout_basic, serial_shops, nicolae_shop_dealshenge, uniq_terence
D:3:      layout_loops_ring
D:4:      layout_rooms, serial_bayou_pond_c
D:5:      layout_cave_pools, minmay_temple_entry_butterflies
D:6:      layout_basic
D:7:      layout_rooms, old_standard_altar
D:8:      cheibrodos_elevator_heist, layout_basic
Temple:   compressed_dpeg_triangle_lava_temple

Skill      XL: |  1  2  3  4  5  6  7  8  9 |
---------------+----------------------------+-----
Stealth        | 1 |  1.8
Dodging        | 2 3 4 |  4.3
Fighting       | 3 4 5 6 |  6.3
Ranged Weapons | 4 |  4.0
Long Blades    | 1 2 3 4 5 6 |  6.7
Armour         | 1 2 4 |  4.5
Ice Magic      | 1 2 3 |  3.5
Spellcasting   | 1 2 3 |  3.0

Action                     |  1- 3 |  4- 6 |  7- 9 || total
---------------------------+-------+-------+-------++-------
  Melee: Short sword       |    26 |       |       ||    26
         Long sword        |       |    68 |   121 ||   189
         Punch             |       |     1 |     4 ||     5
   Fire: Shortbow          |   128 |       |       ||   128
    Use: Scroll            |     3 |       |       ||     3
         Potion            |       |     4 |     7 ||    11
 Armour: Leather armour    |    15 |       |       ||    15
         Scale mail        |       |    32 |    78 ||   110
  Dodge: Dodged            |    38 |    23 |   109 ||   170
  Block: Other             |       |       |     5 ||     5

Table legend: (Time is in decaauts)
 A = Elapsed time spent in this place.
 B = Non-inter-level travel time spent in this place.
 C = Inter-level travel time spent in this place.
 D = Time resting spent in this place.
 E = Time spent auto-exploring this place.
 F = Levels seen in this place.
 G = Mean time per level.
                   A        B        C        D        E       F      G
               +--------+--------+--------+--------+--------+-----+--------+
         Total |   5711 |   5470 |    241 |    704 |   3703 |   9 |  634.6 |
       Dungeon |   5620 |   5379 |    241 |    704 |   3703 |   8 |  702.5 |
        Temple |     90 |     90 |      0 |      0 |      0 |   1 |   90.0 |
               +--------+--------+--------+--------+--------+-----+--------+

Top non-repeatable levels by time:
     D:6: 1401 daAuts
     D:2: 1245 daAuts
     D:5: 678 daAuts
     D:3: 625 daAuts
     D:7: 596 daAuts
     D:1: 532 daAuts
     D:4: 518 daAuts
  Temple: 90 daAuts
     D:8: 23 daAuts
